 Dungeon Crawl Stone Soup version 0.18-a0-1670-gb40d73e (webtiles) character file.

959 Leszczynek the Conjurer (level 8, -5/62 HPs)
             Began as a Naga Wizard on Apr 1, 2016.
             Was a Follower of Yredelemnul.
             Slain by an ice beast (7 damage)
             ... on level 5 of the Dungeon.
             The game lasted 00:19:19 (6085 turns).

Leszczynek the Conjurer (Naga Wizard)               Turns: 6085, Time: 00:19:21

Health: -5/62      AC:  6    Str: 10    XL:     8   Next: 14%
Magic:  1/14       EV: 10    Int: 19    God:    Yredelemnul [*.....]
Gold:   326        SH:  0    Dex: 11    Spells: 5 memorised, 5 levels left

rFire  . . .     SeeInvis +     t - +3 dagger (freeze)
rCold  . . .     Gourm    .     a - +0 robe
rNeg   . . .     Faith    .     (no shield)
rPois  +         Spirit   .     w - +1 helmet
rElec  .         Dismiss  .     p - +0 cloak
rCorr  .         Reflect  .     (no gloves)
SustAt .         Harm     .     (no barding)
MR     +....                    (no amulet)
Stlth  ++........               (no ring)
                                (no ring)

@: repel missiles, very slow, somewhat resistant to hostile enchantments,
unstealthy
A: see invisible, deformed body, poison resistance, slowness 2, slow metabolism
1, spit poison 2, AC +2
a: Spit Poison, Animate Remains, Renounce Religion


You were on level 5 of the Dungeon.
You worshipped Yredelemnul.
Yredelemnul was aware of your devotion.
You were not hungry.

You visited 1 branch of the dungeon, and saw 5 of its levels.

You collected 326 gold pieces.

Inventory:

Hand Weapons
 t - a +3 dagger of freezing (weapon)
Missiles
 l - 6 needles of sleeping
Armour
 a - a +0 robe (worn)
 p - a +0 cloak (worn)
 w - a +1 helmet (worn)
Jewellery
 h - an uncursed amulet of dismissal
Wands
 u - a wand of slowing (48/48)
Scrolls
 f - 2 scrolls of enchant armour
 g - a scroll of enchant weapon
 i - 4 scrolls of remove curse
 k - 2 scrolls of blinking
 n - a scroll of magic mapping
 o - a scroll of fear
 y - a scroll of identify
Potions
 b - 2 potions of ambrosia
 e - 3 potions of brilliance {unknown}
 q - 2 potions of curing {unknown}
 r - a potion of degeneration {unknown}
 s - a potion of resistance {unknown}
Books
 c - a book of Minor Magic

   Spells                             Type                      Level
   a - Magic Dart                     Conjuration                  1
   b - Blink                          Translocation                2
   c - Call Imp                       Summoning                    2
   d - Repel Missiles                 Charms/Air                   2
   e - Slow                           Hexes                        2
   f - Conjure Flame                  Conjuration/Fire             3
   g - Mephitic Cloud                 Conjuration/Poison/Air       3
 j - a book of Enchantments

   Spells                             Type                      Level
   a - Cause Fear                     Hexes                        4
   b - Yara's Violent Unravelling     Hexes/Transmutation          5
   c - Silence                        Hexes/Air                    5
   d - Deflect Missiles               Charms/Air                   6
   e - Haste                          Charms                       6
   f - Discord                        Hexes                        8
 v - a book of Battle

   Spells                             Type                      Level
   a - Infusion                       Charms                       1
   b - Shroud of Golubria             Charms/Translocation         2
   c - Song of Slaying                Charms                       2
   d - Spectral Weapon                Hexes/Charms                 3
   e - Regeneration                   Charms/Necromancy            3
Comestibles
 d - 4 bread rations
 m - 3 meat rations
 x - 2 chunks of flesh


   Skills:
 - Level 1.5 Dodging
 - Level 3.4 Stealth
 * Level 4.3 Spellcasting
 - Level 6.0 Conjurations
   Level 1.0 Summonings
   Level 1.0 Translocations
 + Level 2.4 Fire Magic
 - Level 2.4 Air Magic
 + Level 3.9 Poison Magic
 - Level 2.6 Invocations


You had 5 spell levels left.
You knew the following spells:

 Your Spells              Type           Power        Failure   Level  Hunger
a - Magic Dart            Conj           ####         1%          1    None
b - Conjure Flame         Conj/Fire      ###.....     10%         3    ###....
c - Mephitic Cloud        Conj/Pois/Air  ###.....     10%         3    ###....
d - Repel Missiles        Chrm/Air       #.....       14%         2    #......
e - Infusion              Chrm           #...         14%         1    None


Dungeon Overview and Level Annotations

Branches:
Dungeon (5/15)
 Temple: D:4-7

Altars:
Ashenzari
Cheibriados
Gozag
Kikubaaqudgha
Makhleb
Nemelex Xobeh
Sif Muna
Yredelemnul

Annotations:
D:2 exclusion: 4 gnolls


Innate Abilities, Weirdness & Mutations

You cannot wear boots.
Your serpentine skin is tough (AC +2).
You have supernaturally acute eyesight.
Armour fits poorly on your strangely shaped body.
Your system is resistant to poisons.
You cover ground very slowly.
You have a slow metabolism.
You can spit poison.


Message History

The ogre seems less confused.
The ice beast closely misses you.
You barely miss the ice beast.
The ice beast is severely wounded.
The ice beast hits you but does no damage.
You barely miss the ice beast.
The ice beast is severely wounded.
The ice beast closely misses you.
You hit the ice beast but do no damage.
The ice beast is severely wounded.
The ice beast hits you.
* * * LOW HITPOINT WARNING * * *
The ice beast freezes you.
* * * LOW HITPOINT WARNING * * *
You hit the ice beast.
The ice beast is severely wounded.
The ice beast hits you.
* * * LOW HITPOINT WARNING * * *
The ice beast freezes you!
You die...
Your body rises from the dead as a mindless zombie.

### #.. #.# #.# #.# ####
##### #.# ...#
#...######.###... ####
#....@YOw5........ #
#...<#####.###....
############....### #...
..
...........'........>####
############.......## ###
#.##.....# ..# #.##.....#
#.## #.##.....# #..# #.#
.....#


You could see an ice beast, an ogre, a worm and a crimson imp.

Vanquished Creatures
  Menkaure (D:4)
  A phantom (D:4)
  2 ogres (D:4)
  2 scorpions
  A crimson imp (D:5)
  A giant frog zombie (D:5)
  A quasit (D:5)
  A centaur skeleton (D:5)
  2 hounds
  2 iguanas
  2 worker ants
  4 gnolls
  7 adders
  2 oozes (D:1)
  2 worms
  A dart slug (D:2)
  4 giant geckos
  8 orcs
  A ball python (D:1)
  3 giant cockroaches
  11 goblins
  9 hobgoblins
  9 jackals
  7 kobolds
  A quokka (D:5)
  9 bats
  A giant gecko skeleton (D:5)
  5 giant newts
  9 rats
109 creatures vanquished.

Vanquished Creatures (others)
  A gnoll zombie (D:4)
  4 fungi (D:4)
5 creatures vanquished.

Grand Total: 114 creatures vanquished

Notes
Turn   | Place    | Note
--------------------------------------------------------------
     0 | D:1      | Leszczynek the Naga Wizard began the quest for the Orb.
     0 | D:1      | Reached XP level 1. HP: 15/15 MP: 4/4
    39 | D:1      | Reached XP level 2. HP: 5/22 MP: 0/6
   506 | D:1      | Reached skill level 2 in Conjurations
   752 | D:1      | Reached XP level 3. HP: 28/28 MP: 3/7
  1149 | D:2      | Learned a level 3 spell: Conjure Flame
  1153 | D:2      | Learned a level 3 spell: Mephitic Cloud
  1252 | D:2      | Reached skill level 1 in Poison Magic
  1433 | D:2      | Reached XP level 4. HP: 36/36 MP: 1/8
  2117 | D:3      | Reached skill level 1 in Air Magic
  2396 | D:3      | Found a sparkling altar of Nemelex Xobeh.
  2421 | D:3      | Found an ancient bone altar of Kikubaaqudgha.
  2772 | D:3      | Found a faded altar to an unknown god.
  2777 | D:3      | Became a worshipper of Yredelemnul the Dark
  2777 | D:3      | Reached * piety under Yredelemnul
  2793 | D:3      | Reached skill level 3 in Conjurations
  2793 | D:3      | Reached XP level 5. HP: 42/42 MP: 3/9
  2990 | D:3      | Found an opulent altar of Gozag.
  2990 | D:3      | Found a deep blue altar of Sif Muna.
  3512 | D:4      | Found a burning altar of Makhleb.
  3530 | D:4      | Noticed an ogre
  3590 | D:4      | Killed an ogre
  3590 | D:4      | Reached skill level 4 in Conjurations
  3590 | D:4      | Reached skill level 1 in Invocations
  3590 | D:4      | Reached XP level 6. HP: 49/49 MP: 1/10
  3664 | D:4      | Learned a level 2 spell: Repel Missiles
  3808 | D:4      | Found a shattered altar of Ashenzari.
  3924 | D:4      | Noticed Menkaure
  3933 | D:4      | Learned a level 1 spell: Infusion
  4512 | D:4      | Noticed a phantom
  4558 | D:4      | Killed a phantom
  4558 | D:4      | Reached skill level 5 in Conjurations
  4558 | D:4      | Reached XP level 7. HP: 28/55 MP: 0/11
  4756 | D:4      | Killed Menkaure
  4756 | D:4      | Reached skill level 1 in Fire Magic
  5076 | D:5      | Entered Level 5 of the Dungeon
  5526 | D:5      | Reached skill level 6 in Conjurations
  5855 | D:5      | Reached XP level 8. HP: 60/62 MP: 9/14
  5890 | D:5      | Found a snail-covered altar of Cheibriados.
  6084 | D:5      | HP: 4/62 [ice beast (6)]
  6085 | D:5      | Slain by an ice beast

Vault maps used:
D:1:      elethiomel_arrival_shortcut
D:2:      hangedman_decor_points, minmay_misc_feat_tiny
D:3:      kiku_gazebo_garden_becter, nicolae_overflow_hidden_temple,
          first_bread, ecumenical_altar_1, nemelex_spade_bored_becter
D:4:      kennysheep_mini, serial_aquarium, aquarium_bridge_straight,
          aquarium_window_2, aquarium_window_corner, aquarium_view_2c,
          aquarium_view_2b, nicolae_ashenzari_panopticon, uniq_menkaure
D:5:      black_bear_nest_2, cheibriados_altar_wand_db

Skill      XL: |  1  2  3  4  5  6  7 |
---------------+----------------------+-----
Conjurations   | 2 3 4 5 6 |  6.0
Poison Magic   | 1 2 3 |  3.9
Air Magic      | 1 2 |  2.4
Invocations    | 1 2 |  2.6
Fire Magic     | 2 |  2.4
Spellcasting   | 4 |  4.3
Dodging        | |  1.5
Stealth        | |  3.4
Summonings     | |  1.0
Translocations | |  1.0

Action                   |  1- 3 |  4- 6 |  7- 9 || total
-------------------------+-------+-------+-------++-------
Melee: Mace              |     5 |       |       ||     5
       Dagger            |       |    46 |    28 ||    74
 Cast: Magic Dart        |    68 |   157 |   111 ||   336
       Mephitic Cloud    |       |     4 |     3 ||     7
       Infusion          |       |     2 |       ||     2
       Repel Missiles    |       |     1 |       ||     1
Invok: Animate Remains   |       |     1 |       ||     1
 Abil: Spit Poison       |     4 |     3 |     4 ||    11
  Use: Scroll            |       |       |     9 ||     9
 Stab: Confused          |       |     1 |       ||     1
  Eat: Chunk             |     1 |     8 |     3 ||    12
       Pizza             |       |       |     1 ||     1
